 Dungeon Crawl Stone Soup version 0.23.2-1-ga50397a6bc (webtiles) character file.

Game seed: 323650174088130018

231 Peloso the Covered (level 5, 0/47 HPs)
             Began as a Minotaur Fighter on May 19, 2019.
             Slain by a worm (4 damage)
             ... on level 3 of the Dungeon.
             The game lasted 00:04:05 (2319 turns).

Peloso the Covered (Minotaur Fighter)               Turns: 2319, Time: 00:04:06

Health: 0/47       AC:  7    Str: 21    XL:     5   Next: 72%
Magic:  4/4        EV:  8    Int:  5    God:
Gold:   238        SH:  9    Dex: 10    Spells: 4/4 levels left

rFire    . . .     SeeInvis .   a - +0 long sword
rCold    . . .     Gourm    .   c - +0 shield
rNeg     . . .     Faith    .   b - +0 scale mail
rPois    .         Spirit   .   (helmet restricted)
rElec    .         Reflect  .   (no cloak)
rCorr    .         Harm     .   (no gloves)
MR       .....                  (no boots)
Stlth    ..........             k - amulet of magic regeneration
HPRegen  0.15/turn              (no ring)
MPRegen  0.34/turn              (no ring)

@: no status effects
A: retaliatory headbutt, horns 2
a: no special abilities


You were on level 3 of the Dungeon.
You were not hungry.

You visited 1 branch of the dungeon, and saw 3 of its levels.

You collected 238 gold pieces.

Inventory:

Hand Weapons
 a - a +0 long sword (weapon)
Armour
 b - a +0 scale mail (worn)
 c - a +0 shield (worn)
Jewellery
 k - an amulet of magic regeneration (around neck)
Wands
 m - a wand of acid (15)
 p - a wand of polymorph (1)
Scrolls
 e - a scroll of random uselessness {unknown}
 g - 3 scrolls of teleportation {unknown}
 h - 3 scrolls of identify {unknown}
 i - 2 scrolls of fog {unknown}
 j - a scroll of magic mapping {unknown}
 l - a scroll of enchant armour {unknown}
 n - 3 scrolls of remove curse {unknown}
Potions
 d - a potion of might
Comestibles
 f - 9 rations


   Skills:
 + Level 4.4 Fighting
 + Level 4.3 Long Blades
 + Level 5.1 Armour
 + Level 1.9 Dodging
 + Level 4.6 Shields


You had 4 spell levels left.
You didn't know any spells.
Your spell library was empty.

Dungeon Overview and Level Annotations

Branches:
Dungeon (3/15)

Altars:
Hepliaklqana
Nemelex Xobeh
Trog
Xom
Yredelemnul


Innate Abilities, Weirdness & Mutations

You reflexively headbutt those who attack you in melee.
You have a pair of horns on your head.


Message History

You kill the river rat!
It was a potion of curing.
You feel better. The rat bites you but does no damage.
You hit the rat.
You kill the rat!
You block the rat's attack.
You slash the rat!
You kill the rat!
You slash the worm!
The worm is moderately wounded.
You slash the worm!
You kill the worm!
The worm bites you.
* * * LOW HITPOINT WARNING * * *
Things that are here:
a worm corpse; a rat corpse; a river rat corpse You slash the worm!
The worm is heavily wounded.
The worm bites you.
You die...

..# #.#.# #.### ... #.#.#
#.# ... #.#.###.## #.#
#..(.....### #.#
###.###..).. #####.#
#..(###.#### ####.....#
#.......#
.........#######....#######
.r.....#.w@.........().....
≈≈r≈.r.##########...#######
≈≈w≈≈.. ##(## ###≈w.. ###
+≈r≈. +≈≈≈. #≈≈≈.


You could see a worm.

Vanquished Creatures
  2 orc wizards
  Robin (D:3)
  5 adders
  2 river rats (D:3)
  An ooze (D:3)
  A worm (D:3)
  A leopard gecko (D:2)
  10 orcs
  7 bats
  6 giant cockroaches
  13 goblins
  10 hobgoblins
  4 jackals (D:3)
  2 quokkas (D:2)
  A ball python (D:1)
  3 frilled lizards
  2 gnoll zombies (D:3)
  A kobold (D:1)
  11 rats
  A fungus (D:1)
84 creatures vanquished.

Vanquished Creatures (others)
  4 toadstools (D:1)
4 creatures vanquished.

Grand Total: 88 creatures vanquished

Notes
Turn   | Place    | Note
-------+----------+-------------------------------------------
     0 | D:1      | Peloso the Minotaur Fighter began the quest for the Orb.
     0 | D:1      | Reached XP level 1. HP: 19/19 MP: 0/0
   255 | D:1      | Found a blossoming altar of Fedhas.
   257 | D:1      | Found an iron altar of Okawaru.
   257 | D:1      | Found a sacrificial altar of Ru.
   259 | D:1      | Found a shimmering altar of Xom.
   259 | D:1      | Found a bloodstained altar of Trog.
   259 | D:1      | Found a shimmering altar of Xom.
   307 | D:1      | Reached XP level 2. HP: 25/27 MP: 1/1
   391 | D:1      | Reached skill level 4 in Armour
   729 | D:2      | Found a hazy altar of Hepliaklqana.
   755 | D:2      | Reached XP level 3. HP: 32/33 MP: 2/2
   840 | D:2      | Found a sparkling altar of Nemelex Xobeh.
  1021 | D:2      | Reached XP level 4. HP: 19/40 MP: 3/3
  1291 | D:2      | Reached skill level 1 in Dodging
  1760 | D:3      | Noticed Robin
  1779 | D:3      | Killed Robin
  1813 | D:3      | Reached XP level 5. HP: 46/46 MP: 4/4
  1994 | D:3      | Reached skill level 5 in Armour
  2147 | D:3      | Found a basalt altar of Yredelemnul.
  2311 | D:3      | HP: 2/47 [river rat (3)]
  2319 | D:3      | Slain by a worm

Skill      XL: |  1  2  3  4  5 |
---------------+----------------+-----
Armour         | 4 5 |  5.1
Fighting       | 4 |  4.4
Shields        | 4 |  4.6
Long Blades    | 3 4 |  4.3
Dodging        | 1 |  1.9

Action                   |  1- 3 |  4- 6 || total
-------------------------+-------+-------++-------
Melee: Long sword        |    79 |   152 ||   231
       Headbutt          |    18 |    21 ||    39
  Use: Potion            |       |     1 ||     1
  Eat: Chunk             |       |     5 ||     5
Armor: Scale mail        |    25 |    57 ||    82
Dodge: Dodged            |    24 |    38 ||    62
Block: Shield            |    37 |    65 ||   102
       Rpst.: Long sword |     4 |    11 ||    15
